 Dungeon Crawl Stone Soup version 0.22.1-2-g9c5b331 (webtiles) character file.

1083 raph the Destroyer (level 8, -2/59 HPs)
             Began as a Black Draconian Conjurer on Dec 22, 2018.
             Was an Initiate of Vehumet.
             Slain by Duvessa
             ... wielding a +4 rapier
              (7 damage)
             ... on level 5 of the Dungeon.
             The game lasted 00:16:48 (8480 turns).

raph the Destroyer (Black Draconian Conjurer)       Turns: 8480, Time: 00:16:49

Health: -2/59      AC:  7    Str: 12    XL:     8   Next: 8%
Magic:  1/15       EV: 12    Int: 17    God:    Vehumet [......]
Gold:   219        SH:  0    Dex: 11    Spells: 7/17 levels left

rFire    . . .     SeeInvis .   h - +1 flail
rCold    . . .     Gourm    +   (no shield)
rNeg     . . .     Faith    .   (armour unavailable)
rPois    .         Spirit   .   (helmet restricted)
rElec    +         Reflect  .   (no cloak)
rCorr    .         Harm     .   (no gloves)
MR       .....                  v - +0 pair of boots
Stlth    ++........             s - amulet of the gourmand
HPRegen  0.19/turn              (no ring)
MPRegen  0.14/turn              (no ring)

@: no status effects
A: breathe lightning, unfitting armour, electricity resistance, cold-blooded, AC
+6
a: Breathe Lightning, Renounce Religion


You were on level 5 of the Dungeon.
You worshipped Vehumet.
Vehumet was noncommittal.
You were full.

You visited 1 branch of the dungeon, and saw 5 of its levels.
You also visited: Ossuary.

You collected 219 gold pieces.

Inventory:

Hand Weapons
 h - a +1 flail (weapon)
 i - a +0 hand axe
Armour
 v - a +0 pair of boots (worn)
Jewellery
 s - an amulet of the gourmand (around neck)
Wands
 u - a wand of digging (6)
Scrolls
 a - 2 scrolls of remove curse
 e - a scroll of magic mapping
 f - a scroll of enchant armour
 q - 6 scrolls of identify
Potions
 c - 4 potions of heal wounds
 d - 2 potions of brilliance {unknown}
 g - a potion of lignification {unknown}
 j - a potion of invisibility {unknown}
 k - 2 potions of degeneration {unknown}
 l - a potion of resistance {unknown}
 m - a potion of agility {unknown}
 n - 5 potions of haste {unknown}
 o - 2 potions of curing {unknown}
 p - a potion of might {unknown}
 t - a potion of cancellation {unknown}
Comestibles
 b - 11 rations


   Skills:
 + Level 1.2 Fighting
 + Level 2.3 Dodging
 + Level 2.3 Stealth
 + Level 5.1 Spellcasting
 * Level 8.5 Conjurations


You had 7 spell levels left.
You knew the following spells:

 Your Spells              Type           Power        Failure   Level  Hunger
a - Magic Dart            Conj           ####         1%          1    None
b - Searing Ray           Conj           ####..       1%          2    #......
c - Dazzling Spray        Conj/Hex       ###...       8%          3    ###....
d - Iskenderun's Mystic   Conj           ####....     4%          4    ####...

Your spell library contained the following spells:

 Spells                   Type           Power        Failure   Level  Hunger
 Force Lance              Conj/Tloc      ###.....     24%         4    ####...
 Fulminant Prism          Conj/Hex       ###.......   24%         4    ####...


Dungeon Overview and Level Annotations

Branches:
Dungeon (5/15)
 Temple: D:4-7

Altars:
Cheibriados
Elyvilon
Fedhas
Gozag
Hepliaklqana
Uskayaw
Vehumet
Yredelemnul
The Shining One

Annotations:
D:5 Duvessa


Innate Abilities, Weirdness & Mutations

You can breathe wild blasts of lightning.
Your glossy black scales are hard. (AC +6)
You cannot fit into any form of body armour.
You are resistant to electric shocks. (rElec)
You are cold-blooded and may be slowed by cold attacks.


Message History

Duvessa hits you with an enchanted rapier!
The searing ray hits Duvessa.
Duvessa is heavily wounded.
Duvessa barely misses you.
Duvessa hits you with an enchanted rapier!!
Without enough magic to sustain it, your searing ray dissipates.
Duvessa barely misses you.
Duvessa hits you with an enchanted rapier!
Duvessa rages.
Duvessa closely misses you.
Duvessa hits you with an enchanted rapier!
* * * LOW HITPOINT WARNING * * *
Duvessa hits you but does no damage.
As you read the scroll labeled JOMYTIZISS, it crumbles to dust.
It is a scroll of enchant weapon.
Your +0 flail glows red for a moment.
Duvessa hits you with an enchanted rapier!
* * * LOW HITPOINT WARNING * * *
Duvessa hits you with an enchanted rapier!
You die...

##.....#......÷..#
#.......#.#.#.#.##
##...##.......#)#
#..###.#....##[#
##..##......###.# ##
#.......#..##...######[
########.........###..........
...............### #######.##.
#########....@## #..## #.[.e.#
##.## ###.#.# ##.##
#######.#... ######...#
#.......##### #_..###'##
#.####### #..##..... #.#
#.#'...... #.# ###....⌠.. #.#
###...⌠...⌠


You could see Duvessa (berserk).

Vanquished Creatures
  4 scorpions (Ossuary)
  Dowan (D:5)
  A quasit (D:5)
  4 centaur zombies (Ossuary)
  A hound (D:4)
  2 human zombies (Ossuary)
  2 orc priests (D:3)
  An iguana (D:5)
  5 orc wizards
  2 worker ants
  2 mummies (Ossuary)
  8 adders
  6 scorpion zombies (Ossuary)
  2 shadow imps (D:5)
  4 worms
  5 dart slugs
  3 leopard geckos
  23 orcs
  2 bats
  6 giant cockroaches
  A gnoll zombie (Ossuary)
  6 goblins
  6 hobgoblins
  6 jackals
  7 kobolds (D:2)
  A quokka (D:2)
  A frilled lizard (D:2)
  A goblin zombie (Ossuary)
  2 kobold zombies (Ossuary)
  A leopard gecko skeleton (D:4)
  An orc zombie (Ossuary)
  8 rats
125 creatures vanquished.

Vanquished Creatures (others)
  2 scorpions (Ossuary)
  A mummy (Ossuary)
  A scorpion zombie (Ossuary)
  A gnoll zombie (Ossuary)
  A goblin zombie (Ossuary)
  2 orc zombies (Ossuary)
8 creatures vanquished.

Grand Total: 133 creatures vanquished

Notes
Turn   | Place    | Note
-------+----------+-------------------------------------------
     0 | D:1      | raph the Draconian Conjurer began the quest for the Orb.
     0 | D:1      | Reached XP level 1. HP: 14/14 MP: 3/3
     3 | D:1      | Noticed a dwarf
     3 | D:1      | Noticed a merfolk zombie
    12 | D:1      | Noticed a ghoul
    16 | D:1      | Noticed an octopode
    16 | D:1      | Noticed a formicid
   546 | D:1      | Reached XP level 2. HP: 20/20 MP: 0/5
   550 | D:1      | Learned a level 2 spell: Searing Ray
  1256 | D:2      | Reached XP level 3. HP: 26/26 MP: 4/6
  1283 | D:2      | Learned a level 3 spell: Dazzling Spray
  1450 | D:2      | Found a blossoming altar of Fedhas.
  1851 | D:2      | Reached skill level 5 in Conjurations
  1943 | D:2      | Reached XP level 4. HP: 28/33 MP: 3/8
  2611 | D:2      | HP: 1/33 [orc/flail (6)]
  3249 | D:3      | Reached XP level 5. HP: 30/38 MP: 5/9
  3472 | D:3      | Reached skill level 6 in Conjurations
  4167 | D:3      | Reached XP level 6. HP: 45/45 MP: 11/11
  4176 | D:3      | Learned a level 4 spell: Iskenderun's Mystic Blast
  4306 | D:3      | Found a faded altar of an unknown god.
  4946 | D:4      | Found a snail-covered altar of Cheibriados.
  4954 | D:4      | Found a sand-covered staircase.
  4963 | Ossuary  | Entered an ossuary
  5093 | Ossuary  | Reached skill level 7 in Conjurations
  5339 | Ossuary  | Your scales start taking on a glossy black colour.
  5339 | Ossuary  | Reached XP level 7. HP: 47/50 MP: 7/13
  5339 | Ossuary  | Gained mutation: You are resistant to electric shocks.
                  | (rElec) [Black Draconian growth]
  6246 | Ossuary  | Reached skill level 8 in Conjurations
  7324 | D:5      | Entered Level 5 of the Dungeon
  7843 | D:5      | Found an opulent altar of Gozag.
  7960 | D:5      | Found a basalt altar of Yredelemnul.
  7967 | D:5      | Found a hazy altar of Hepliaklqana.
  7983 | D:5      | Found a glowing golden altar of the Shining One.
  7988 | D:5      | Found a white marble altar of Elyvilon.
  7993 | D:5      | Found a hide-covered altar of Uskayaw.
  7998 | D:5      | Found a radiant altar of Vehumet.
  8003 | D:5      | Found a blossoming altar of Fedhas.
  8009 | D:5      | Reached skill level 5 in Spellcasting
  8101 | D:5      | Became a worshipper of Vehumet
  8200 | D:5      | Reached skill level 1 in Fighting
  8200 | D:5      | Reached XP level 8. HP: 59/59 MP: 1/15
  8458 | D:5      | Noticed Dowan
  8461 | D:5      | Killed Dowan
  8461 | D:5      | Noticed Duvessa
  8480 | D:5      | Slain by Duvessa

Skill      XL: |  1  2  3  4  5  6  7 |
---------------+----------------------+-----
Conjurations   | 5 6 7 8 |  8.5
Spellcasting   | 3 4 5 |  5.1
Dodging        | 2 |  2.3
Stealth        | 2 |  2.3
Fighting       | 1 |  1.2

Action                   |  1- 3 |  4- 6 |  7- 9 || total
-------------------------+-------+-------+-------++-------
Melee: Unarmed           |     6 |       |       ||     6
       Hand axe          |     6 |       |       ||     6
       Flail             |       |    62 |    60 ||   122
       Whip              |       |    14 |       ||    14
       Tailslap          |       |    12 |     6 ||    18
 Cast: Magic Dart        |    38 |    42 |    28 ||   108
       Searing Ray       |     9 |    29 |    18 ||    56
       Iskenderun's Myst |       |     2 |    19 ||    21
 Abil: Breathe Lightning |       |       |     1 ||     1
  Use: Scroll            |       |     9 |     2 ||    11
       Potion            |       |       |     1 ||     1
 Stab: Sleeping          |       |     1 |       ||     1
  Eat: Chunk             |     4 |    12 |    12 ||    28
       Ration            |       |       |     2 ||     2
Armor: Skin              |     7 |    39 |    38 ||    84
Dodge: Dodged            |    19 |    90 |    64 ||   173
